3231 views
Uploaded 2020-03-28 23:09:27
Game version 1.32.3
20:46 long 3on3 ladder game on (6)StranglethornVale
Saved by BEARAND
3231 views
Uploaded 2020-03-28 23:09:27
Game version 1.32.3
20:46 long 3on3 ladder game on (6)StranglethornVale


63 units @ 6.6k
/ 0.4k
176 buildings @ 10.2k
/ 4.9k



| Orb of Corruption | 3 | 1125 |
| Boots of Speed | 3 | 750 |
| Staff of Teleportation | 3 | 450 |
| Periapt of Vitality | 1 | 325 |
| Circlet of Nobility | 3 | 525 |
| Staff of Sanctuary | 3 | 750 |
| total: | 16 | 3925g |
| Acolyte | 7 | 525 | / | 0 |
| Ghoul | 9 | 1080 | / | 0 |
| Obsidian Statue | 2 | 400 | / | 70 |
| Crypt Fiend | 1 | 215 | / | 40 |
| total: | 19 | 2220g | / | 110w |
| Nerubian Tower | 3 | 300 | / | 60 |
| Spirit Tower | 1 | 145 | / | 40 |
| Crypt | 1 | 200 | / | 50 |
| Altar of Darkness | 1 | 180 | / | 50 |
| Ziggurat | 7 | 1050 | / | 350 |
| Necropolis | 1 | 225 | / | 0 |
| Graveyard | 2 | 430 | / | 0 |
| Tomb of Relics | 3 | 390 | / | 90 |
| Slaughterhouse | 1 | 140 | / | 135 |
| Halls of the Dead | 1 | 320 | / | 210 |
| Black Citadel | 1 | 325 | / | 230 |
| total: | 16 | 2615g | / | 675w |
| 0:03 | Acolyte |
| 0:08 | Crypt |
| 0:11 | Altar of Darkness |
| 0:13 | Acolyte |
| 0:31 | Ziggurat |
| 1:10 | Ghoul |
| 1:21 | Necropolis |
| 1:33 | Ghoul |
| 1:53 | Ghoul |
| 1:59 | Ghoul |
| 2:23 | Death Coil |
| 3:12 | Ghoul |
| 3:12 | Ghoul |
| 3:40 | Boots of Speed |
| 3:40 | Staff of Teleportation |
| 4:06 | Halls of the Dead |
| 4:36 | Unholy Aura |
| 4:46 | Acolyte |
| 5:50 | Death Coil |
| 6:17 | Graveyard |
| 6:23 | Ziggurat |
| 6:38 | Graveyard |
| 7:02 | Acolyte |
| 7:02 | Acolyte |
| 7:02 | Acolyte |
| 7:03 | Acolyte |
| 7:27 | Frost Nova |
| 7:44 | Boots of Speed |
| 7:44 | Staff of Teleportation |
| 7:45 | Periapt of Vitality |
| 7:46 | Circlet of Nobility |
| 8:12 | Nerubian Tower |
| 8:47 | Black Citadel |
| 9:13 | Ghoul |
| 9:27 | Slaughterhouse |
| 9:31 | Tomb of Relics |
| 9:32 | Tomb of Relics |
| 9:34 | Tomb of Relics |
| 9:49 | Ziggurat |
| 10:30 | Ghoul |
| 10:30 | Ghoul |
| 10:38 | Obsidian Statue |
| 10:38 | Obsidian Statue |
| 10:52 | Nerubian Tower |
| 11:10 | Orb of Corruption |
| 11:12 | Orb of Corruption |
| 11:29 | Staff of Sanctuary |
| 11:38 | Nerubian Tower |
| 12:43 | Boots of Speed |
| 12:43 | Circlet of Nobility |
| 12:43 | Staff of Teleportation |
| 13:27 | Carrion Swarm |
| 13:36 | Staff of Sanctuary |
| 13:53 | Ziggurat |
| 13:54 | Ziggurat |
| 13:55 | Ziggurat |
| 14:02 | Web |
| 14:03 | Crypt Fiend |
| 14:06 | Burrow |
| 14:08 | Ghoul Frenzy |
| 15:22 | Circlet of Nobility |
| 15:53 | Frost Armor |
| 16:13 | Staff of Sanctuary |
| 16:16 | Orb of Corruption |
| 16:47 | Spirit Tower |
| 16:49 | Ziggurat |
| 16:55 | Creature Carapace |
| 16:56 | Creature Attack |
| 19:07 | Unholy Aura |
| 19:51 | Unholy Aura |
| Right click | 1238 |
| Select group | 648 |
| Select | 186 |
| Resource trade | 99 |
| Build/train/purchase | 93 |
| Use ability | 70 |
| Misc. action | 39 |
| Chat | 29 |
| Assign group | 17 |
| Item give/drop | 7 |
| Minimap ping | 3 |
| Esc | 1 |



| Scroll of Regeneration | 2 | 200 |
| Staff of Sanctuary | 4 | 1000 |
| Staff of Teleportation | 5 | 750 |
| Boots of Speed | 3 | 750 |
| Periapt of Vitality | 1 | 325 |
| Orb of Corruption | 3 | 1125 |
| total: | 18 | 4150g |
| Peasant | 14 | 1050 | / | 0 |
| Dragonhawk Rider | 5 | 1000 | / | 150 |
| Priest | 1 | 135 | / | 10 |
| Goblin Shredder | 1 | 375 | / | 100 |
| total: | 21 | 2560g | / | 260w |
| Scout Tower | 56 | 1680 | / | 1120 |
| Arcane Tower | 4 | 280 | / | 200 |
| Guard Tower | 44 | 3080 | / | 2200 |
| Altar of Kings | 1 | 180 | / | 50 |
| Farm | 5 | 400 | / | 100 |
| Lumber Mill | 1 | 120 | / | 0 |
| Arcane Vault | 2 | 260 | / | 60 |
| Town Hall | 1 | 385 | / | 205 |
| Blacksmith | 1 | 140 | / | 60 |
| Barracks | 1 | 160 | / | 60 |
| Arcane Sanctum | 1 | 150 | / | 140 |
| Gryphon Aviary | 2 | 280 | / | 300 |
| Keep | 1 | 320 | / | 210 |
| Castle | 2 | 720 | / | 420 |
| total: | 71 | 3755g | / | 2095w |
| 0:02 | Peasant |
| 0:02 | Peasant |
| 0:08 | Altar of Kings |
| 0:13 | Peasant |
| 0:18 | Farm |
| 0:23 | Peasant |
| 0:27 | Lumber Mill |
| 0:48 | Peasant |
| 1:13 | Peasant |
| 1:18 | Farm |
| 1:22 | Scout Tower |
| 1:25 | Scout Tower |
| 1:27 | Peasant |
| 1:28 | Peasant |
| 1:33 | Peasant |
| 1:49 | Arcane Tower |
| 1:58 | Peasant |
| 1:58 | Peasant |
| 2:02 | Scout Tower |
| 2:05 | Blizzard |
| 2:10 | Peasant |
| 2:13 | Guard Tower |
| 2:19 | Peasant |
| 2:22 | Scout Tower |
| 2:39 | Guard Tower |
| 2:40 | Peasant |
| 3:16 | Arcane Vault |
| 3:16 | Guard Tower |
| 3:19 | Scout Tower |
| 3:20 | Scout Tower |
| 3:40 | Staff of Teleportation |
| 3:40 | Boots of Speed |
| 3:48 | Improved Masonry |
| 3:55 | Guard Tower |
| 4:07 | Scout Tower |
| 4:07 | Scout Tower |
| 4:11 | Farm |
| 4:14 | Scroll of Regeneration |
| 4:42 | Keep |
| 4:48 | Scout Tower |
| 4:55 | Guard Tower |
| 5:07 | Guard Tower |
| 5:09 | Scout Tower |
| 5:30 | Brilliance Aura |
| 5:41 | Guard Tower |
| 5:50 | Scroll of Regeneration |
| 5:54 | Guard Tower |
| 5:56 | Scout Tower |
| 5:56 | Scout Tower |
| 6:37 | Guard Tower |
| 6:38 | Guard Tower |
| 6:40 | Scout Tower |
| 6:40 | Scout Tower |
| 6:41 | Scout Tower |
| 6:41 | Scout Tower |
| 6:42 | Scout Tower |
| 7:19 | Blizzard |
| 7:23 | Town Hall |
| 7:26 | Scout Tower |
| 7:27 | Scout Tower |
| 7:28 | Scout Tower |
| 7:41 | Scout Tower |
| 7:42 | Scout Tower |
| 7:50 | Arcane Sanctum |
| 8:13 | Guard Tower |
| 8:20 | Arcane Tower |
| 8:20 | Guard Tower |
| 8:28 | Storm Bolt |
| 8:58 | Castle |
| 9:27 | Boots of Speed |
| 9:35 | Goblin Shredder |
| 9:46 | Staff of Teleportation |
| 9:46 | Staff of Teleportation |
| 9:51 | Advanced Masonry |
| 10:06 | Magic Sentry |
| 10:25 | Gryphon Aviary |
| 10:26 | Gryphon Aviary |
| 10:31 | Blacksmith |
| 10:32 | Barracks |
| 10:42 | Guard Tower |
| 10:51 | Scout Tower |
| 10:53 | Scout Tower |
| 11:01 | Guard Tower |
| 11:02 | Arcane Tower |
| 11:02 | Guard Tower |
| 11:22 | Scout Tower |
| 11:27 | Scout Tower |
| 11:37 | Imbued Masonry |
| 11:43 | Staff of Sanctuary |
| 11:49 | Arcane Vault |
| 12:06 | Guard Tower |
| 12:07 | Guard Tower |
| 12:07 | Guard Tower |
| 12:12 | Scout Tower |
| 12:14 | Periapt of Vitality |
| 12:30 | Scout Tower |
| 12:33 | Holy Light |
| 12:39 | Dragonhawk Rider |
| 12:39 | Dragonhawk Rider |
| 12:43 | Farm |
| 12:44 | Farm |
| 12:51 | Animal War Training |
| 12:54 | Scout Tower |
| 12:57 | Boots of Speed |
| 12:57 | Staff of Teleportation |
| 12:59 | Staff of Teleportation |
| 13:21 | Orb of Corruption |
| 13:35 | Orb of Corruption |
| 13:40 | Staff of Sanctuary |
| 13:46 | Guard Tower |
| 13:48 | Guard Tower |
| 13:54 | Scout Tower |
| 13:58 | Scout Tower |
| 13:59 | Scout Tower |
| 14:00 | Scout Tower |
| 14:04 | Staff of Sanctuary |
| 14:04 | Staff of Sanctuary |
| 14:14 | Dragonhawk Rider |
| 14:31 | Guard Tower |
| 14:31 | Guard Tower |
| 14:32 | Scout Tower |
| 14:33 | Scout Tower |
| 14:33 | Scout Tower |
| 14:34 | Scout Tower |
| 14:34 | Scout Tower |
| 14:35 | Scout Tower |
| 14:35 | Scout Tower |
| 14:45 | Guard Tower |
| 14:58 | Arcane Tower |
| 15:04 | Dragonhawk Rider |
| 15:16 | Guard Tower |
| 15:19 | Orb of Corruption |
| 15:29 | Iron Forged Swords |
| 15:29 | Studded Leather Armor |
| 15:36 | Dragonhawk Rider |
| 15:44 | Guard Tower |
| 15:47 | Scout Tower |
| 15:48 | Scout Tower |
| 15:49 | Scout Tower |
| 15:50 | Scout Tower |
| 16:00 | Priest |
| 16:01 | Priest Adept Training |
| 16:39 | Guard Tower |
| 16:41 | Guard Tower |
| 16:42 | Guard Tower |
| 16:43 | Guard Tower |
| 16:43 | Guard Tower |
| 16:43 | Guard Tower |
| 16:46 | Scout Tower |
| 16:46 | Scout Tower |
| 16:52 | Cloud |
| 17:10 | Guard Tower |
| 17:56 | Scout Tower |
| 17:57 | Scout Tower |
| 17:57 | Scout Tower |
| 17:58 | Scout Tower |
| 17:58 | Scout Tower |
| 17:58 | Scout Tower |
| 17:59 | Scout Tower |
| 17:59 | Scout Tower |
| 18:00 | Scout Tower |
| 18:00 | Scout Tower |
| 18:41 | Guard Tower |
| 18:42 | Guard Tower |
| 18:42 | Guard Tower |
| 19:19 | Guard Tower |
| 19:52 | Bash |
| 19:57 | Bash |
| 20:20 | Divine Shield |
| Right click | 1787 |
| Select | 636 |
| Select group | 250 |
| Chat | 220 |
| Build/train/purchase | 165 |
| Use ability | 49 |
| Assign group | 23 |
| Minimap ping | 6 |
| Misc. action | 4 |
| Item give/drop | 3 |



| Lesser Clarity Potion | 2 | 140 |
| Scroll of Regeneration | 2 | 200 |
| Staff of Sanctuary | 3 | 750 |
| Boots of Speed | 3 | 750 |
| Staff of Teleportation | 3 | 450 |
| Circlet of Nobility | 2 | 350 |
| Orb of Corruption | 4 | 1500 |
| total: | 19 | 4140g |
| Peasant | 21 | 1575 | / | 0 |
| Priest | 2 | 270 | / | 20 |
| total: | 23 | 1845g | / | 20w |
| Scout Tower | 79 | 2370 | / | 1580 |
| Arcane Tower | 13 | 910 | / | 650 |
| Guard Tower | 38 | 2660 | / | 1900 |
| Altar of Kings | 1 | 180 | / | 50 |
| Farm | 3 | 240 | / | 60 |
| Lumber Mill | 1 | 120 | / | 0 |
| Town Hall | 1 | 385 | / | 205 |
| Arcane Vault | 3 | 390 | / | 90 |
| Arcane Sanctum | 1 | 150 | / | 140 |
| Keep | 1 | 320 | / | 210 |
| Castle | 1 | 360 | / | 210 |
| total: | 89 | 3835g | / | 2125w |
| 0:03 | Peasant |
| 0:05 | Altar of Kings |
| 0:06 | Peasant |
| 0:19 | Farm |
| 0:20 | Peasant |
| 0:30 | Peasant |
| 0:49 | Lumber Mill |
| 0:50 | Peasant |
| 0:52 | Farm |
| 1:06 | Scout Tower |
| 1:08 | Peasant |
| 1:14 | Scout Tower |
| 1:21 | Peasant |
| 1:33 | Arcane Tower |
| 1:34 | Scout Tower |
| 1:36 | Scout Tower |
| 1:39 | Peasant |
| 1:41 | Scout Tower |
| 1:48 | Peasant |
| 1:50 | Arcane Tower |
| 1:51 | Peasant |
| 2:07 | Guard Tower |
| 2:12 | Scout Tower |
| 2:15 | Scout Tower |
| 2:15 | Guard Tower |
| 2:23 | Holy Light |
| 2:27 | Peasant |
| 2:30 | Arcane Tower |
| 2:45 | Scout Tower |
| 2:45 | Peasant |
| 2:58 | Guard Tower |
| 2:59 | Scout Tower |
| 3:00 | Scout Tower |
| 3:00 | Scout Tower |
| 3:03 | Peasant |
| 3:03 | Peasant |
| 3:06 | Guard Tower |
| 3:07 | Scout Tower |
| 3:24 | Peasant |
| 3:27 | Guard Tower |
| 3:29 | Scout Tower |
| 3:30 | Scout Tower |
| 4:04 | Divine Shield |
| 4:14 | Scout Tower |
| 4:14 | Guard Tower |
| 4:16 | Guard Tower |
| 4:17 | Scout Tower |
| 4:18 | Scout Tower |
| 4:31 | Boots of Speed |
| 4:50 | Keep |
| 5:02 | Guard Tower |
| 5:03 | Scout Tower |
| 5:04 | Scout Tower |
| 6:05 | Town Hall |
| 6:10 | Staff of Teleportation |
| 6:21 | Farm |
| 6:32 | Guard Tower |
| 6:35 | Arcane Vault |
| 6:36 | Scout Tower |
| 6:37 | Scout Tower |
| 6:50 | Holy Light |
| 7:15 | Peasant |
| 7:15 | Peasant |
| 7:16 | Improved Masonry |
| 7:16 | Improved Lumber Harvesting |
| 7:18 | Guard Tower |
| 7:19 | Guard Tower |
| 7:20 | Guard Tower |
| 7:24 | Arcane Vault |
| 7:39 | Peasant |
| 7:39 | Peasant |
| 7:41 | Peasant |
| 7:41 | Peasant |
| 8:05 | Healing Spray |
| 8:12 | Arcane Tower |
| 8:37 | Scout Tower |
| 8:38 | Scout Tower |
| 8:39 | Arcane Tower |
| 8:39 | Guard Tower |
| 8:40 | Castle |
| 8:42 | Arcane Sanctum |
| 8:54 | Advanced Masonry |
| 8:56 | Lesser Clarity Potion |
| 8:58 | Scroll of Regeneration |
| 9:02 | Guard Tower |
| 9:04 | Scout Tower |
| 9:05 | Scout Tower |
| 9:14 | Scout Tower |
| 9:15 | Scout Tower |
| 9:24 | Boots of Speed |
| 9:25 | Staff of Teleportation |
| 9:27 | Circlet of Nobility |
| 9:34 | Guard Tower |
| 9:36 | Scout Tower |
| 9:36 | Scout Tower |
| 10:00 | Guard Tower |
| 10:01 | Scout Tower |
| 10:02 | Scout Tower |
| 10:31 | Guard Tower |
| 10:34 | Guard Tower |
| 10:37 | Magic Sentry |
| 10:41 | Scroll of Regeneration |
| 10:43 | Lesser Clarity Potion |
| 10:47 | Arcane Vault |
| 10:52 | Arcane Tower |
| 10:54 | Scout Tower |
| 10:55 | Scout Tower |
| 10:57 | Guard Tower |
| 11:00 | Scout Tower |
| 11:01 | Scout Tower |
| 11:01 | Scout Tower |
| 11:02 | Scout Tower |
| 11:04 | Staff of Sanctuary |
| 11:10 | Imbued Masonry |
| 11:11 | Advanced Lumber Harvesting |
| 11:12 | Priest Adept Training |
| 11:12 | Priest |
| 11:27 | Orb of Corruption |
| 11:27 | Orb of Corruption |
| 11:34 | Guard Tower |
| 11:37 | Scout Tower |
| 11:37 | Scout Tower |
| 11:54 | Scout Tower |
| 11:55 | Scout Tower |
| 12:26 | Staff of Sanctuary |
| 12:39 | Priest |
| 12:45 | Siphon Mana |
| 12:48 | Guard Tower |
| 12:48 | Guard Tower |
| 12:49 | Guard Tower |
| 12:50 | Arcane Tower |
| 12:53 | Arcane Tower |
| 12:54 | Scout Tower |
| 12:56 | Scout Tower |
| 12:57 | Scout Tower |
| 12:58 | Scout Tower |
| 13:01 | Scout Tower |
| 13:02 | Scout Tower |
| 13:02 | Scout Tower |
| 13:03 | Scout Tower |
| 13:04 | Scout Tower |
| 13:05 | Scout Tower |
| 13:07 | Scout Tower |
| 13:07 | Scout Tower |
| 13:15 | Orb of Corruption |
| 13:26 | Guard Tower |
| 13:27 | Arcane Tower |
| 13:32 | Boots of Speed |
| 13:41 | Guard Tower |
| 13:44 | Guard Tower |
| 13:45 | Guard Tower |
| 13:46 | Scout Tower |
| 13:48 | Scout Tower |
| 13:49 | Scout Tower |
| 13:53 | Priest Master Training |
| 13:56 | Staff of Sanctuary |
| 14:04 | Arcane Tower |
| 14:05 | Guard Tower |
| 14:26 | Arcane Tower |
| 14:40 | Guard Tower |
| 14:40 | Guard Tower |
| 14:42 | Guard Tower |
| 14:43 | Scout Tower |
| 14:44 | Scout Tower |
| 14:45 | Scout Tower |
| 14:46 | Scout Tower |
| 14:47 | Scout Tower |
| 14:49 | Staff of Teleportation |
| 14:53 | Circlet of Nobility |
| 15:23 | Guard Tower |
| 15:24 | Scout Tower |
| 15:24 | Scout Tower |
| 15:25 | Scout Tower |
| 16:07 | Guard Tower |
| 16:23 | Guard Tower |
| 16:30 | Scout Tower |
| 16:31 | Scout Tower |
| 16:34 | Scout Tower |
| 16:46 | Orb of Corruption |
| 16:58 | Guard Tower |
| 17:01 | Scout Tower |
| 17:02 | Scout Tower |
| 17:02 | Scout Tower |
| 17:03 | Scout Tower |
| 17:04 | Scout Tower |
| 17:04 | Scout Tower |
| 17:06 | Scout Tower |
| 17:07 | Scout Tower |
| 17:08 | Scout Tower |
| 17:09 | Scout Tower |
| 17:12 | Guard Tower |
| 18:06 | Chemical Rage |
| 18:51 | Guard Tower |
| 18:53 | Scout Tower |
| 18:54 | Scout Tower |
| 18:56 | Banish |
| 19:44 | Divine Shield |
| Right click | 1067 |
| Select group | 832 |
| Select | 346 |
| Assign group | 325 |
| Chat | 286 |
| Build/train/purchase | 158 |
| Use ability | 68 |
| Misc. action | 9 |
| Item give/drop | 2 |
| Remove unit | 1 |
| Minimap ping | 1 |
111 units @ 14.4k
/ 2k
73 buildings @ 8.2k
/ 3.5k


| Potion of Healing | 2 | 300 |
| Potion of Mana | 2 | 400 |
| Orb of Fire | 1 | 325 |
| Scroll of Healing | 1 | 250 |
| Boots of Speed | 1 | 250 |
| Scroll of Protection | 1 | 150 |
| total: | 8 | 1675g |
| Peasant | 10 | 750 | / | 0 |
| Footman | 9 | 1215 | / | 0 |
| Knight | 4 | 980 | / | 240 |
| total: | 23 | 2945g | / | 240w |
| Scout Tower | 9 | 270 | / | 180 |
| Guard Tower | 2 | 140 | / | 100 |
| Barracks | 2 | 320 | / | 120 |
| Altar of Kings | 1 | 180 | / | 50 |
| Farm | 10 | 800 | / | 200 |
| Arcane Vault | 1 | 130 | / | 30 |
| Blacksmith | 1 | 140 | / | 60 |
| Lumber Mill | 1 | 120 | / | 0 |
| Town Hall | 1 | 385 | / | 205 |
| Keep | 1 | 320 | / | 210 |
| Castle | 1 | 360 | / | 210 |
| total: | 26 | 2345g | / | 845w |
| 0:04 | Peasant |
| 0:05 | Peasant |
| 0:10 | Barracks |
| 0:21 | Altar of Kings |
| 0:25 | Peasant |
| 0:39 | Peasant |
| 0:52 | Peasant |
| 0:59 | Farm |
| 1:15 | Peasant |
| 1:18 | Footman |
| 1:34 | Farm |
| 1:37 | Farm |
| 1:45 | Footman |
| 2:06 | Farm |
| 2:09 | Peasant |
| 2:16 | Footman |
| 2:18 | Peasant |
| 2:40 | Footman |
| 2:46 | Arcane Vault |
| 2:55 | Summon Water Elemental |
| 3:35 | Footman |
| 3:40 | Farm |
| 3:42 | Farm |
| 4:09 | Keep |
| 4:16 | Blacksmith |
| 4:19 | Footman |
| 4:19 | Footman |
| 4:25 | Farm |
| 4:55 | Footman |
| 4:59 | Brilliance Aura |
| 5:39 | Footman |
| 6:30 | Castle |
| 6:58 | Barracks |
| 7:03 | Farm |
| 7:05 | Farm |
| 7:08 | Farm |
| 7:24 | Boots of Speed |
| 8:52 | Scout Tower |
| 8:54 | Scout Tower |
| 8:55 | Scout Tower |
| 9:08 | Scout Tower |
| 9:11 | Scout Tower |
| 9:12 | Scout Tower |
| 9:19 | Scout Tower |
| 9:21 | Scout Tower |
| 9:23 | Scout Tower |
| 9:44 | Lumber Mill |
| 10:54 | Guard Tower |
| 11:05 | Guard Tower |
| 11:36 | Peasant |
| 11:37 | Peasant |
| 11:40 | Improved Lumber Harvesting |
| 12:25 | Knight |
| 12:57 | Holy Light |
| 13:06 | Potion of Healing |
| 13:06 | Potion of Mana |
| 13:07 | Potion of Mana |
| 13:07 | Potion of Healing |
| 13:08 | Orb of Fire |
| 13:18 | Knight |
| 14:22 | Town Hall |
| 14:29 | Advanced Lumber Harvesting |
| 14:33 | Improved Masonry |
| 14:45 | Knight |
| 15:01 | Iron Forged Swords |
| 16:52 | Sundering Blades |
| 16:52 | Animal War Training |
| 16:53 | Knight |
| 17:01 | Iron Plating |
| 17:05 | Scroll of Protection |
| 17:15 | Scroll of Healing |
| Select | 171 |
| Right click | 166 |
| Chat | 102 |
| Build/train/purchase | 65 |
| Misc. action | 31 |
| Select group | 22 |
| Assign group | 20 |
| Resource trade | 16 |
| Minimap ping | 12 |
| Use ability | 3 |
| Esc | 3 |

| Potion of Healing | 3 | 450 |
| Scroll of Town Portal | 3 | 1050 |
| total: | 6 | 1500g |
| Peasant | 22 | 1650 | / | 0 |
| Rifleman | 9 | 1845 | / | 270 |
| Siege Engine | 7 | 1365 | / | 420 |
| Flying Machine | 11 | 1100 | / | 330 |
| total: | 49 | 5960g | / | 1020w |
| Scout Tower | 7 | 210 | / | 140 |
| Guard Tower | 5 | 350 | / | 250 |
| Altar of Kings | 1 | 180 | / | 50 |
| Farm | 10 | 800 | / | 200 |
| Blacksmith | 1 | 140 | / | 60 |
| Barracks | 1 | 160 | / | 60 |
| Town Hall | 1 | 385 | / | 205 |
| Lumber Mill | 1 | 120 | / | 0 |
| Arcane Vault | 1 | 130 | / | 30 |
| Cannon Tower | 1 | 120 | / | 100 |
| Workshop | 2 | 280 | / | 280 |
| Keep | 1 | 320 | / | 210 |
| Castle | 1 | 360 | / | 210 |
| total: | 25 | 2405g | / | 1025w |
| 0:01 | Peasant |
| 0:01 | Peasant |
| 0:22 | Altar of Kings |
| 0:26 | Farm |
| 0:30 | Peasant |
| 0:43 | Blacksmith |
| 0:50 | Barracks |
| 1:01 | Peasant |
| 1:18 | Peasant |
| 1:32 | Farm |
| 1:37 | Peasant |
| 2:04 | Farm |
| 2:13 | Rifleman |
| 2:34 | Storm Bolt |
| 2:39 | Rifleman |
| 3:01 | Rifleman |
| 3:19 | Farm |
| 3:28 | Black Gunpowder |
| 3:31 | Farm |
| 3:47 | Rifleman |
| 3:47 | Rifleman |
| 4:05 | Rifleman |
| 4:18 | Rifleman |
| 4:26 | Studded Leather Armor |
| 5:00 | Peasant |
| 5:00 | Peasant |
| 5:31 | Town Hall |
| 5:35 | Lumber Mill |
| 6:38 | Keep |
| 7:12 | Bash |
| 7:22 | Storm Bolt |
| 7:38 | Scout Tower |
| 7:40 | Scout Tower |
| 8:02 | Rifleman |
| 8:02 | Rifleman |
| 8:04 | Farm |
| 8:07 | Farm |
| 8:17 | Scout Tower |
| 8:20 | Scout Tower |
| 8:37 | Guard Tower |
| 8:40 | Peasant |
| 8:40 | Peasant |
| 8:40 | Peasant |
| 8:44 | Scout Tower |
| 8:45 | Scout Tower |
| 8:46 | Guard Tower |
| 9:00 | Guard Tower |
| 9:03 | Peasant |
| 9:03 | Peasant |
| 9:05 | Improved Lumber Harvesting |
| 9:49 | Workshop |
| 9:56 | Guard Tower |
| 10:02 | Peasant |
| 10:05 | Peasant |
| 10:49 | Peasant |
| 10:49 | Peasant |
| 10:54 | Cannon Tower |
| 11:24 | Castle |
| 11:35 | Farm |
| 12:08 | Long Rifles |
| 12:20 | Improved Masonry |
| 12:41 | Farm |
| 12:45 | Scout Tower |
| 13:13 | Guard Tower |
| 13:23 | Refined Gunpowder |
| 13:23 | Iron Plating |
| 13:25 | Imbued Gunpowder |
| 13:37 | Workshop |
| 13:46 | Peasant |
| 13:46 | Peasant |
| 13:50 | Siege Engine |
| 13:54 | Reinforced Leather Armor |
| 14:05 | Peasant |
| 14:09 | Peasant |
| 14:09 | Peasant |
| 14:20 | Arcane Vault |
| 14:43 | Siege Engine |
| 14:43 | Siege Engine |
| 14:48 | Siege Engine |
| 14:55 | Siege Engine |
| 14:56 | Siege Engine |
| 14:59 | Farm |
| 15:16 | Flying Machine Bombs |
| 15:19 | Siege Engine |
| 15:21 | Advanced Masonry |
| 16:16 | Dragonhide Armor |
| 16:18 | Steel Plating |
| 16:58 | Flak Cannons |
| 16:59 | Flying Machine |
| 17:00 | Flying Machine |
| 17:01 | Flying Machine |
| 17:01 | Flying Machine |
| 17:02 | Flying Machine |
| 17:02 | Flying Machine |
| 17:02 | Flying Machine |
| 17:51 | Flying Machine |
| 17:52 | Flying Machine |
| 18:19 | Scroll of Town Portal |
| 18:20 | Scroll of Town Portal |
| 18:58 | Flying Machine |
| 18:59 | Flying Machine |
| 19:12 | Scroll of Town Portal |
| 19:29 | Potion of Healing |
| 19:29 | Potion of Healing |
| 19:29 | Potion of Healing |
| Select group | 470 |
| Chat | 421 |
| Right click | 359 |
| Select | 293 |
| Misc. action | 128 |
| Build/train/purchase | 84 |
| Use ability | 14 |
| Minimap ping | 14 |
| Assign group | 11 |
| Item give/drop | 3 |
| Remove unit | 2 |
| Esc | 2 |

| Rod of Necromancy | 1 | 150 |
| total: | 1 | 150g |
| Acolyte | 17 | 1275 | / | 0 |
| Ghoul | 7 | 840 | / | 0 |
| Crypt Fiend | 7 | 1505 | / | 280 |
| Obsidian Statue | 2 | 400 | / | 70 |
| Necromancer | 3 | 435 | / | 60 |
| Meat Wagon | 1 | 230 | / | 50 |
| Frost Wyrm | 2 | 770 | / | 240 |
| total: | 39 | 5455g | / | 700w |
| Nerubian Tower | 2 | 200 | / | 40 |
| Spirit Tower | 4 | 580 | / | 160 |
| Altar of Darkness | 1 | 180 | / | 50 |
| Ziggurat | 11 | 1650 | / | 550 |
| Crypt | 1 | 200 | / | 50 |
| Graveyard | 2 | 430 | / | 0 |
| Tomb of Relics | 1 | 130 | / | 30 |
| Slaughterhouse | 1 | 140 | / | 135 |
| Temple of the Damned | 2 | 310 | / | 280 |
| Sacrificial Pit | 1 | 75 | / | 150 |
| Boneyard | 2 | 350 | / | 400 |
| Halls of the Dead | 1 | 320 | / | 210 |
| Black Citadel | 1 | 325 | / | 230 |
| total: | 22 | 3465g | / | 1645w |
| 0:10 | Acolyte |
| 0:10 | Acolyte |
| 0:19 | Altar of Darkness |
| 0:24 | Ziggurat |
| 0:42 | Crypt |
| 1:05 | Graveyard |
| 1:18 | Ziggurat |
| 1:21 | Ziggurat |
| 1:39 | Tomb of Relics |
| 1:46 | Ghoul |
| 2:01 | Ghoul |
| 2:09 | Ghoul |
| 2:34 | Crypt Fiend |
| 2:45 | Rod of Necromancy |
| 2:48 | Death Coil |
| 2:56 | Nerubian Tower |
| 3:17 | Crypt Fiend |
| 3:49 | Halls of the Dead |
| 4:22 | Ziggurat |
| 4:29 | Unholy Aura |
| 4:51 | Crypt Fiend |
| 4:57 | Crypt Fiend |
| 5:15 | Crypt Fiend |
| 5:32 | Creature Attack |
| 5:59 | Crypt Fiend |
| 6:29 | Slaughterhouse |
| 6:32 | Acolyte |
| 6:33 | Acolyte |
| 6:33 | Acolyte |
| 6:36 | Acolyte |
| 6:53 | Acolyte |
| 6:54 | Spirit Tower |
| 7:14 | Acolyte |
| 7:21 | Temple of the Damned |
| 7:29 | Temple of the Damned |
| 8:32 | Ziggurat |
| 8:33 | Ziggurat |
| 8:39 | Sacrificial Pit |
| 8:44 | Acolyte |
| 8:46 | Web |
| 8:46 | Crypt Fiend |
| 9:09 | Black Citadel |
| 9:11 | Ghoul |
| 9:11 | Ghoul |
| 9:30 | Ziggurat |
| 10:06 | Obsidian Statue |
| 10:06 | Obsidian Statue |
| 10:38 | Necromancer |
| 10:38 | Necromancer |
| 10:46 | Ziggurat |
| 10:53 | Ziggurat |
| 10:55 | Ziggurat |
| 10:58 | Ziggurat |
| 11:03 | Necromancer |
| 11:08 | Unholy Strength |
| 11:12 | Nerubian Tower |
| 11:24 | Spirit Tower |
| 11:33 | Acolyte |
| 11:33 | Acolyte |
| 11:37 | Acolyte |
| 12:08 | Spirit Tower |
| 12:44 | Boneyard |
| 12:49 | Ghoul |
| 12:49 | Ghoul |
| 13:03 | Creature Carapace |
| 13:19 | Graveyard |
| 13:37 | Boneyard |
| 14:03 | Meat Wagon |
| 14:05 | Exhume Corpses |
| 14:18 | Spirit Tower |
| 14:41 | Frost Wyrm |
| 14:57 | Freezing Breath |
| 15:45 | Acolyte |
| 15:45 | Acolyte |
| 15:45 | Acolyte |
| 15:45 | Acolyte |
| 15:45 | Acolyte |
| 16:16 | Improved Creature Carapace |
| 17:04 | Frost Wyrm |
| 17:42 | Death Coil |
| Right click | 235 |
| Select | 215 |
| Build/train/purchase | 69 |
| Resource trade | 8 |
| Use ability | 7 |
| Item give/drop | 1 |
⇛